 Dungeon Crawl Stone Soup version 0.26.1-11-gd32895ea62 (webtiles) character file.

Game seed: 2186488713119301673

899 nothank2 the Conjurer (level 7, 0/50 HPs)
             Began as a Yellow Draconian Fire Elementalist on July 14, 2021.
             Succumbed to a gnoll's poison
             ... on level 5 of the Dungeon.
             The game lasted 00:37:24 (7775 turns).

nothank2 the Conjurer (DrFE)                        Turns: 7775, Time: 00:37:24

Health: 0/50       AC:  7    Str: 10    XL:     7   Next: 79%
Magic:  8/14       EV: 16    Int: 17    God:
Gold:   272        SH:  0    Dex: 12    Spells: 1/15 levels left

rFire    . . .     SeeInvis +   t - +4 dagger (venom)
rCold    . . .     Faith    .   (no shield)
rNeg     . . .     Spirit   .   (armour unavailable)
rPois    .         Reflect  .   (helmet restricted)
rElec    .         Harm     .   (no cloak)
rCorr    +         Rampage  .   (no gloves)
Will     .....                  j - +0 pair of boots
Stlth    ++........             (no amulet)
HPRegen  0.16/turn              c - ring of see invisible
MPRegen  0.14/turn              f - +4 ring of evasion

@: lethally poisoned (0 -> -11), attractive, hasted, very quick
A: spit acid, unfitting armour, cold-blooded, acid resistance, AC +6
a: Breathe Acid


You were on level 5 of the Dungeon.
You visited 1 branch of the dungeon, and saw 5 of its levels.

You collected 272 gold pieces.

Inventory:

Hand Weapons
 t - a +4 dagger of venom (weapon)
Missiles
 h - 12 boomerangs
Armour
 a - a +0 pair of gloves
 j - a +0 pair of boots (worn)
Jewellery
 c - a ring of see invisible (left hand)
 f - a +4 ring of evasion (right hand)
Wands
 g - a wand of polymorph (10)
 u - a wand of random effects (25)
Scrolls
 e - a scroll of blinking {unknown}
 l - 2 scrolls of identify
 o - 2 scrolls of amnesia
 p - a scroll of remove curse
 q - 7 scrolls of teleportation
Potions
 b - a potion of curing {unknown}
 i - a potion of brilliance {unknown}
 k - a potion of mutation
 m - a potion of resistance {unknown}
 n - a potion of attraction
 r - a potion of lignification {unknown}
 s - 2 potions of degeneration {unknown}
 v - a potion of ambrosia {unknown}


   Skills:
 - Level 1.7 Dodging
 - Level 1.7 Stealth
 + Level 4.7 Spellcasting
 + Level 5.7 Conjurations
 + Level 5.6 Fire Magic


You had one spell level left.
You knew the following spells:

 Your Spells              Type           Power        Failure   Level
a - Foxfire               Conj/Fire      92%          1%          1
b - Conjure Flame         Conj/Fire      23%          4%          3
c - Magic Dart            Conj           92%          1%          1
d - Sticky Flame          Conj/Fire      23%          14%         4
e - Fireball              Conj/Fire      11%          36%         5

Your spell library contained the following spells:

 Spells                   Type           Power        Failure   Level
 Inner Flame              Hex/Fire       13%          14%         3
 Mephitic Cloud           Conj/Pois/Air  10%          21%         3
 Blink                    Tloc           N/A          22%         2
 Call Imp                 Summ           4%           22%         2
 Slow                     Hex            4%           22%         2


Dungeon Overview and Level Annotations

Branches:
Dungeon (5/15)
 Temple: D:4-7

Altars:
Gozag


Innate Abilities, Weirdness & Mutations

You can spit globs of acid.
Your golden yellow scales are hard. (AC +6)
You cannot fit into any form of body armour.
You are cold-blooded and may be slowed by cold attacks.
You are resistant to acid. (rCorr)


Message History

* * * LOW HITPOINT WARNING * * *
You feel sick. The river rat misses you.
Things that are here:
a stone; a rat corpse; a rat skeleton
* * * LOW HITPOINT WARNING * * *
You feel sick.
Things that are here:
a rat corpse; a rat corpse
* * * LOW HITPOINT WARNING * * *
You feel sick.
You feel yourself speed up.
* * * LOW HITPOINT WARNING * * *
You feel sick.
Things that are here:
a +0 whip; a +0 spear; a gnoll corpse
* * * LOW HITPOINT WARNING * * *
You feel sick.
It was a potion of attraction.
You feel attractive to monsters.
You die...

#.r #. .##.#.. r
#r####.##..#.# ..
#.or# #)#...# g#
###r# ##....# ##g#
#.###.#(#.###..#
##r##.#r##g#.g#
#.#.#)r##.?#
##.####)#### ###
##@# ##.## ## ##.#.#
#. #.#.## ## ##.##
#.
#.#################.
#.##...............#
#.#######..#.#.....#
##.# ##....##.#..†


You could see a river rat and a rat.

Vanquished Creatures
  Eustachio (D:4)
  A sky beast (D:5)
  A howler monkey (D:4)
  2 hounds
  A jelly (D:5)
  An orc wizard (D:5)
  A bullfrog skeleton (D:5)
  Ijyb (D:3)
  A worker ant (D:4)
  Robin (D:3)
  7 gnolls
  13 adders
  9 river rats (D:5)
  An adder skeleton (D:4)
  4 worms
  2 dart slugs (D:1)
  3 leopard geckos
  9 orcs
  2 ball pythons (D:2)
  3 giant cockroaches
  18 goblins
  12 hobgoblins
  4 jackals (D:4)
  12 kobolds
  5 quokkas
  10 bats
  4 frilled lizards
  A quokka skeleton (D:4)
  21 rats
151 creatures vanquished.

Vanquished Creatures (others)
  29 foxfires
  2 plants (D:2)
31 creatures vanquished.

Grand Total: 182 creatures vanquished

Notes
Turn   | Place    | Note
-------+----------+-------------------------------------------
     0 | D:1      | nothank2 the Draconian Fire Elementalist began the quest
                  | for the Orb.
     0 | D:1      | Reached XP level 1. HP: 14/14 MP: 3/3
     6 | D:1      | Noticed a polar bear
     6 | D:1      | Noticed a water moccasin
     7 | D:1      | Noticed a rime drake
     7 | D:1      | Noticed a hound
   206 | D:1      | Reached XP level 2. HP: 20/20 MP: 5/5
   771 | D:1      | Reached XP level 3. HP: 26/26 MP: 6/6
  1212 | D:2      | Learned a level 3 spell: Conjure Flame
  2100 | D:2      | Reached XP level 4. HP: 33/33 MP: 4/8
  2137 | D:2      | Learned a level 1 spell: Magic Dart
  3473 | D:3      | Found an opulent altar of Gozag.
  3527 | D:3      | Noticed Ijyb
  3546 | D:3      | Killed Ijyb
  3547 | D:3      | Reached XP level 5. HP: 38/38 MP: 7/9
  3938 | D:3      | Noticed Robin
  5012 | D:3      | Killed Robin
  5570 | D:3      | Reached XP level 6. HP: 45/45 MP: 6/11
  5766 | D:3      | Learned a level 4 spell: Sticky Flame
  6013 | D:4      | Noticed Eustachio
  6622 | D:4      | Killed Eustachio
  6623 | D:4      | Reached skill level 5 in Conjurations
  6623 | D:4      | Your scales start taking on a golden yellow colour.
  6623 | D:4      | Reached XP level 7. HP: 23/50 MP: 11/13
  6623 | D:4      | Gained mutation: You are resistant to acid. (rCorr) [Yellow
                  | Draconian growth]
  6929 | D:4      | Learned a level 5 spell: Fireball
  6950 | D:5      | Entered Level 5 of the Dungeon
  6963 | D:5      | Reached skill level 5 in Fire Magic
  7772 | D:5      | HP: 2/50 [poisoned by a gnoll]
  7775 | D:5      | Succumbed to a gnoll's poison

Illustrated notes

Levels and vault maps discovered:
D:1:      onia_arrival_zoo_common, layout_loops_corners,
          minmay_misc_feat_hallway, minmay_pentomino_p4
D:2:      layout_loops_ring, serial_forest, infiniplex_forest_lined_2,
          infiniplex_forest_clump_small, infiniplex_forest_zigzag_1,
          infiniplex_forest_clump_long, infiniplex_forest_clump_diagonal,
          infiniplex_forest_lined_room_
D:3:      minmay_thinvault, layout_rooms, grunt_gozag_breadcrumbs,
          amcnicky_mini_pool_small, hangedman_decor_push, uniq_robin, uniq_ijyb
D:4:      layout_loops_cross, kennysheep_nondescript, uniq_eustachio
D:5:      lemuel_ratsnest, layout_rooms, minmay_temple_entry_grid,
          gammafunk_ghost_split

Skill      XL: |  1  2  3  4  5  6  7 |
---------------+----------------------+-----
Conjurations   | 2 3 5 |  5.7
Spellcasting   | 3 4 |  4.7
Fire Magic     | 4 5 |  5.6
Dodging        | |  1.7
Stealth        | |  1.7

Action                   |  1- 3 |  4- 6 |  7- 9 || total
-------------------------+-------+-------+-------++-------
Melee: Dagger            |   136 |    92 |    92 ||   320
       Unarmed           |     4 |     4 |       ||     8
       Tailslap          |    12 |     6 |    14 ||    32
Throw: Boomerang         |    23 |       |       ||    23
 Cast: Foxfire           |     9 |     7 |       ||    16
       Conjure Flame     |     1 |       |     1 ||     2
       Magic Dart        |       |   210 |    55 ||   265
 Abil: Breathe Acid      |       |       |     1 ||     1
  Use: Scroll            |     8 |     2 |       ||    10
       Potion            |       |     2 |     2 ||     4
 Stab: Sleeping          |     5 |     2 |       ||     7
Armor: Skin              |    44 |    39 |    17 ||   100
Dodge: Dodged            |   103 |   129 |    70 ||   302
